 Dungeon Crawl Stone Soup version 0.29.1-2-gbd0b4ee654 (webtiles) character file.

Game seed: 18024921664254857218

58 concernfroge the Trooper (level 3, 0/32 HPs)
             Began as a Mummy Monk on Nov 20, 2022.
             Slain by a gnoll
             ... wielding a +0 flail
              (5 damage)
             ... on level 1 of the Dungeon.
             The game lasted 00:02:35 (1343 turns).

concernfroge the Trooper (Mummy Monk)               Turns: 1343, Time: 00:02:35

Health: 0/32       AC:  5    Str: 16    XL:     3   Next: 76%
Magic:  3/3        EV: 11    Int:  9    God:
Gold:   69         SH:  0    Dex: 14    Spells: 2/2 levels left

rFire   x . .      SeeInvis .   a - +0 spear
rCold   + . .      Faith    .   (no shield)
rNeg    + + +      Spirit   .   f - +0 ring mail
rPois   ∞          Reflect  .   (no helmet)
rElec   .          Harm     .   (no cloak)
rCorr   .          Rampage  .   (no gloves)
Will    .....                   (no boots)
Stlth   +.........              (no amulet)
HPRegen 0.10/turn               (no ring)
MPRegen 0.08/turn               (no ring)

@: no status effects
A: cold resistance 1, negative energy resistance 3, torment resistance 2, heat
vulnerability 1, in touch with death 1, no potions
a: no special abilities


You were on level 1 of the Dungeon.
You visited 1 branch of the dungeon, and saw 2 of its levels.

You collected 69 gold pieces.

Inventory:

Hand Weapons
 a - a +0 spear (weapon)
Missiles
 b - 3 poisoned darts (quivered)
Armour
 f - a +0 ring mail (worn)
Scrolls
 c - a scroll of fear {unknown}
 d - a scroll of noise {unknown}
 e - a scroll of teleportation {unknown}


   Skills:
 + Level 4.8 Fighting
 - Level 2.4 Polearms
 - Level 2.4 Dodging
 - Level 1.5 Stealth


You had 2 spell levels left.
You didn't know any spells.
Your spell library was empty.

Dungeon Overview and Level Annotations

Branches:
Dungeon (2/15)

Altars:


Innate Abilities, Weirdness & Mutations

You are immune to poison.
Your flesh is cold resistant. (rC+)
You are immune to negative energy. (rN+++)
You are immune to unholy pain and torment.
You are vulnerable to heat. (rF-)
You are in touch with the powers of death.
You do not drink.


Message History

You hit the gnoll.
The gnoll is severely wounded.
The gnoll closely misses you.
You hit the gnoll.
The gnoll is almost dead.
The gnoll barely misses you.
You hit the gnoll but do no damage.
The gnoll is almost dead.
You hit the gnoll.
You kill the gnoll!
You hit the gnoll.
The gnoll is lightly wounded.
The gnoll hits you with a +0 flail.
You barely miss the gnoll.
The gnoll is lightly wounded.
The gnoll hits you with a +0 flail!
You are too injured to fight recklessly!
You are too injured to fight recklessly!
You are too injured to fight recklessly!
You are too injured to fight recklessly!
You are too injured to fight recklessly!
The gnoll attacks as you move away! The gnoll barely misses you.
The gnoll attacks as you move away! The gnoll barely misses you.
There is a stone staircase leading up here.
You climb upwards.
There is a stone staircase leading down here.
You barely miss the gnoll.
The gnoll is lightly wounded.
The gnoll hits you with a +0 flail.
You hit the gnoll.
The gnoll is moderately wounded.
The gnoll barely misses you.
You hit the gnoll.
The gnoll is severely wounded.
The gnoll hits you with a +0 flail!
* * * LOW HITPOINT WARNING * * *
You hit the gnoll but do no damage.
The gnoll is severely wounded.
The gnoll hits you with a +0 flail.
You die...

...###.###........###.##.##.#
......................##....#
..................##..#######
..........###......#..#####
..............####.#......#
..........##..##.#.#'''''.#
..........##........'''''.#
..........###..g....)'_''.#
..........# #...@...'''''.#
..........# #..#.#..'''''##
..........# #..#.#.......#
..........# #..#.####..#.#
..........###..#.# #.##.#
...........##..#.####.##.#
...........##..#.#.......#
...........##..#.#.##.#####
...........##..#.#.#......#


You could see a gnoll.

Vanquished Creatures
  2 gnolls (D:2)
  A dart slug (D:1)
  5 ball pythons
  6 endoplasms (D:1)
  A giant cockroach (D:1)
  4 goblins (D:1)
  3 hobgoblins (D:1)
  2 quokkas (D:1)
  5 bats (D:1)
  3 kobolds (D:1)
  2 rats (D:1)
34 creatures vanquished.

Notes
Turn   | Place    | Note
-------+----------+-------------------------------------------
     0 | D:1      | concernfroge the Mummy Monk began the quest for the Orb.
     0 | D:1      | Reached XP level 1. HP: 18/18 MP: 1/1
   363 | D:1      | Reached XP level 2. HP: 23/24 MP: 2/2
   673 | D:1      | Reached skill level 4 in Fighting
   863 | D:1      | Found a faded altar of an unknown god.
   874 | D:1      | Gained mutation: You are in touch with the powers of death.
                  | [Mummy growth]
   874 | D:1      | Reached XP level 3. HP: 30/30 MP: 3/3
  1343 | D:1      | Slain by a gnoll

Illustrated notes

Levels and vault maps discovered:
D:1:      heliophobic_arrival_battle_scene, layout_basic,
          hellmonk_ecumenical_altar_heavens_door, minmay_quantized
D:2:      cheibrodos_old_hovel, layout_loops_cross

Skill      XL: |  1  2 |
---------------+-------+-----
Fighting       | 4 |  4.8
Polearms       | |  2.4
Dodging        | |  2.4
Stealth        | |  1.5

Action                   || total
-------------------------++-------
Melee: Spear             ||   151
       Punch             ||     2
 Stab: Sleeping          ||     5
Armor: Robe              ||    14
       Ring mail         ||    11
Dodge: Dodged            ||    58
